 Dungeon Crawl Stone Soup version 0.22.1-2-g9c5b331 (webtiles) character file.

250 havocjr2 the Sneak (level 5, -2/35 HPs)
             Began as a Vampire Ice Elementalist on Dec 23, 2018.
             Was an Initiate of Sif Muna.
             Slain by a phantom (4 damage)
             ... on level 4 of the Dungeon.
             The game lasted 00:39:50 (3872 turns).

havocjr2 the Sneak (Vampire Ice Elementalist)       Turns: 3872, Time: 00:39:51

Health: -2/35      AC:  2    Str:  7    XL:     5   Next: 88%
Magic:  3/9        EV: 13    Int: 19    God:    Sif Muna [......]
Gold:   169        SH:  0    Dex: 14    Spells: 3/9 levels left

rFire    . . .     SeeInvis +   m - +0 falchion
rCold    . . .     Gourm    .   (no shield)
rNeg     + . .     Faith    .   a - +0 robe
rPois    .         Spirit   .   (no helmet)
rElec    .         Reflect  .   (no cloak)
rCorr    .         Harm     .   (no gloves)
MR       .....                  (no boots)
Stlth    +++.......             (no amulet)
HPRegen  0.31/turn              k - ring of flight
MPRegen  0.11/turn              g - ring of positive energy

@: regenerating quickly
A: fangs 3, see invisible, unbreathing
a: Renounce Religion, Evoke Flight


You were on level 4 of the Dungeon.
You worshipped Sif Muna.
Sif Muna was noncommittal.
You were full.

You visited 1 branch of the dungeon, and saw 4 of its levels.

You collected 169 gold pieces.

Inventory:

Hand Weapons
 f - a -1 dagger
 m - a +0 falchion (weapon)
 p - a +0 long sword
Armour
 a - a +0 robe (worn)
Jewellery
 g - a ring of positive energy (right hand)
 k - a ring of flight (left hand)
Scrolls
 d - 3 scrolls of identify
 e - 3 scrolls of teleportation
 i - 3 scrolls of remove curse
 l - a scroll of magic mapping {unknown}
 o - a scroll of fear {unknown}
 q - a scroll of enchant armour {unknown}
 s - a scroll of immolation {unknown}
Potions
 c - 7 potions of blood
 h - 2 potions of brilliance
 j - a potion of berserk rage {unknown}
 n - 3 potions of flight {unknown}
 r - 2 potions of curing {unknown}
 t - a potion of degeneration {unknown}


   Skills:
 + Level 3.4 Dodging
 + Level 5.0 Stealth
 + Level 1.9 Unarmed Combat
 + Level 2.9 Spellcasting
 + Level 1.8 Conjurations
 + Level 3.8 Ice Magic


You had 3 spell levels left.
You knew the following spells:

 Your Spells              Type           Power        Failure   Level  Hunger
a - Freeze                Ice            ###.         3%          1    None
b - Throw Frost           Conj/Ice       ##....       8%          2    ##.....
c - Ozocubu's Armour      Chrm/Ice       ##......     21%         3    ###....

Your spell library contained the following spells:

 Spells                   Type           Power        Failure   Level  Hunger
 Throw Icicle             Conj/Ice       ##......     43%         4    ####...
 Summon Ice Beast         Ice/Summ       ##......     56%         4    ####...


Dungeon Overview and Level Annotations

Branches:
Dungeon (4/15)
 Temple: D:4-7

Altars:
Nemelex Xobeh
Sif Muna
Xom


Innate Abilities, Weirdness & Mutations

Your natural rate of healing is unusually fast.
You have razor-sharp teeth.
You have supernaturally acute eyesight. (SInv)
You can survive without breathing.


Message History

Press: ? - help, Shift-Dir - straight line, f/p - phantom
Aim: a phantom (severely damaged)
You throw a javelin. The javelin closely misses the phantom.
Your magical contamination has completely faded away.
Throwing (i - inventory)
b - a javelin (quivered)
Press: ? - help, Shift-Dir - straight line, f/p - phantom
Aim: a phantom (severely damaged)
You throw a javelin. The javelin hits the phantom!
The phantom is almost destroyed.
The phantom hits you!
* * * LOW HITPOINT WARNING * * *
You closely miss the phantom. Your bite misses the phantom.
The phantom is almost destroyed.
The phantom hits you but does no damage.
The phantom hits you.
* * * LOW HITPOINT WARNING * * *
You barely miss the phantom.
The phantom is almost destroyed.
The phantom hits you.
You die...

#####........#+####
###..... #........# #.....
#........# #....)
#.......(# #.....
#........# #.....
#.......(###### #.....
#####+#.......########'#..
#..W....#........#..
#..@....#........#..
#.......#........#..
#.......#........+..
#.......#........#..
#.......#...######%.
..........###+#.......
............# #.......
............# #.......
............# #.......


You could see a phantom.

Vanquished Creatures
  An orc priest (D:3)
  2 orc wizards (D:3)
  A centaur skeleton (D:4)
  4 adders (D:2)
  An adder skeleton (D:4)
  3 worms (D:3)
  5 dart slugs
  4 leopard geckos
  3 orcs (D:3)
  2 ball pythons
  7 bats
  3 giant cockroaches
  3 goblins
  8 hobgoblins
  5 jackals
  9 kobolds
  2 quokkas (D:3)
  5 frilled lizards
  5 rats
73 creatures vanquished.

Notes
Turn   | Place    | Note
-------+----------+-------------------------------------------
     0 | D:1      | havocjr2 the Vampire Ice Elementalist began the quest for
                  | the Orb.
     0 | D:1      | Reached XP level 1. HP: 13/13 MP: 3/3
   151 | D:1      | Reached XP level 2. HP: 19/19 MP: 5/5
   206 | D:1      | Learned a level 2 spell: Throw Frost
   256 | D:1      | Found a shimmering altar of Xom.
   834 | D:2      | Found a deep blue altar of Sif Muna.
   850 | D:2      | Reached XP level 3. HP: 17/24 MP: 2/6
   854 | D:2      | Became a worshipper of Sif Muna the Loreminder
   996 | D:2      | Reached skill level 1 in Conjurations
  1484 | D:2      | Reached skill level 4 in Stealth
  1491 | D:2      | Reached XP level 4. HP: 20/30 MP: 0/7
  1602 | D:2      | Reached skill level 1 in Unarmed Combat
  1979 | D:3      | Found a sparkling altar of Nemelex Xobeh.
  2930 | D:3      | Reached XP level 5. HP: 34/35 MP: 2/9
  3101 | D:3      | Learned a level 3 spell: Ozocubu's Armour
  3605 | D:4      | Reached skill level 5 in Stealth
  3725 | D:4      | Noticed a phantom
  3872 | D:4      | Slain by a phantom

Skill      XL: |  1  2  3  4  5 |
---------------+----------------+-----
Conjurations   | 1 |  1.8
Stealth        | 4 5 |  5.0
Unarmed Combat | 1 |  1.9
Dodging        | 3 |  3.4
Spellcasting   | |  2.9
Ice Magic      | |  3.8

Action                   |  1- 3 |  4- 6 || total
-------------------------+-------+-------++-------
Melee: Falchion          |    14 |   110 ||   124
       Dagger            |    10 |       ||    10
       Bite              |     3 |     9 ||    12
       Punch             |       |     1 ||     1
Throw: Javelin           |    35 |    20 ||    55
 Cast: Freeze            |    15 |    39 ||    54
       Throw Frost       |    18 |    27 ||    45
 Abil: Bat Form          |     1 |     1 ||     2
       End Transformatio |       |     1 ||     1
  Use: Scroll            |     2 |       ||     2
       Potion            |     4 |     2 ||     6
 Stab: Sleeping          |       |     3 ||     3
  Eat: Corpse            |     2 |    13 ||    15
Armor: Robe              |     6 |    19 ||    25
       Skin              |    15 |       ||    15
Dodge: Dodged            |    26 |    93 ||   119
       Rpst.: Falchion   |     2 |    29 ||    31
